 Dungeon Crawl Stone Soup version 0.21-a0-88-g13b9641 (webtiles) character file.

70 Ijustatesigmund the Sneak (level 4, -3/30 HPs)
             Began as an Octopode Assassin on June 27, 2017.
             Slain by anet's ghost (7 damage)
             ... on level 3 of the Dungeon.
             The game lasted 00:03:33 (1329 turns).

Ijustatesigmund the Sneak (Octopode Assassin)       Turns: 1329, Time: 00:03:34

Health: -3/30      AC:  1    Str: 15    XL:     4   Next: 22%
Magic:  4/4        EV: 14    Int: 13    God:
Gold:   176        SH:  0    Dex: 14    Spells: 3/3 levels left

rFire    . . .     SeeInvis .   a - +2 dagger
rCold    . . .     Gourm    .   (no shield)
rNeg     . . .     Faith    .   (helmet restricted)
rPois    .         Spirit   .   (no amulet)
rElec    .         Reflect  .   e - ring of flight
rCorr    .         Harm     .   (no ring)
MR       .....                  (no ring)
Stlth    ++++......             (no ring)
HPRegen  0.10/turn              (no ring)
MPRegen  0.09/turn              (no ring)
                                (no ring)
                                (no ring)

@: mighty
A: almost no armour, stealthy swim, amphibious, 8 rings, constrict 8, camouflage
1, gelatinous body 1
a: Evoke Flight


You were on level 3 of the Dungeon.
You were not hungry.

You visited 1 branch of the dungeon, and saw 3 of its levels.

You collected 176 gold pieces.

Inventory:

Hand Weapons
 a - a +2 dagger (weapon)
 b - a +0 blowgun
Missiles
 c - 58 poisoned needles
 d - 2 curare-tipped needles
Jewellery
 e - a ring of flight (left tentacle)
Scrolls
 l - a scroll of remove curse
Potions
 k - a potion of lignification
Comestibles
 f - 2 bread rations
 g - a royal jelly
 i - a meat ration
 m - 2 fruits


   Skills:
 + Level 2.7 Fighting
 + Level 2.9 Short Blades
 - Level 2.0 Throwing
 - Level 2.3 Dodging
 + Level 5.5 Stealth


You had 3 spell levels left.
You didn't know any spells.

Dungeon Overview and Level Annotations

Branches:
Dungeon (3/15)

Altars:
Makhleb

Annotations:
D:3 anet's ghost, amateur MiMo


Innate Abilities, Weirdness & Mutations

You cannot wear most types of armour.
You are very stealthy in the water. (Stealth+)
You are amphibious.
You can wear up to eight rings at the same time.
You can use your tentacles to constrict eight enemies at once.
Your skin changes colour to match your surroundings (Stealth+).
Your rubbery body absorbs attacks. (AC +1, EV +1)


Message History

You puncture anet's ghost!
Anet's ghost is moderately damaged.
Anet's ghost hits you but does no damage.
You closely miss anet's ghost.
Anet's ghost is moderately damaged.
Anet's ghost hits you but does no damage.
You hit anet's ghost.
Anet's ghost is heavily damaged.
You feel less wooden. Anet's ghost hits you!
* * * LOW HITPOINT WARNING * * *
You puncture anet's ghost!
Anet's ghost is severely damaged.
Anet's ghost barely misses you.
You puncture anet's ghost! You squeeze anet's ghost!
Anet's ghost is almost destroyed.
You miss anet's ghost.
Anet's ghost is almost destroyed.
Anet's ghost hits you!
You die...

#.# #.#
#.###.#####.#
#...........#
#####.#######
#.# ##.# #..#
#.## #@#
#W#####
#Kh...#
#K....#
#........<.
#.......##.
.......#.#
#.....### #
#.......


You could see anet's ghost, a jackal and 2 kobolds.

Vanquished Creatures
  An ooze (D:1)
  3 worms (D:2)
  2 dart slugs
  A leopard gecko (D:2)
  A ball python (D:2)
  6 bats
  2 giant cockroaches
  8 goblins
  A hobgoblin (D:1)
  7 jackals
  9 kobolds
  4 frilled lizards
  5 rats
50 creatures vanquished.

Notes
Turn   | Place    | Note
-------+----------+-------------------------------------------
     0 | D:1      | Ijustatesigmund the Octopode Assassin began the quest for the Orb.
     0 | D:1      | Reached XP level 1. HP: 14/14 MP: 1/1
     3 | D:1      | Noticed a death yak
   106 | D:1      | Reached XP level 2. HP: 17/19 MP: 2/2
   449 | D:1      | Noticed a black mamba
   461 | D:1      | Reached XP level 3. HP: 11/25 MP: 3/3
  1002 | D:2      | Reached XP level 4. HP: 25/30 MP: 4/4
  1179 | D:2      | Found a burning altar of Makhleb.
  1296 | D:3      | Noticed anet's ghost (amateur MiMo)
  1329 | D:3      | Slain by anet's ghost

Vault maps used:
D:1:      sevenhm_arrival_forest_fort_small_2, minivault_4
D:2:      lightli_temple_of_fire
D:3:      overflow_temple_1_default, first_bread

Skill      XL: |  1  2  3 |
---------------+----------+-----
Dodging        | 2 |  2.3
Fighting       | |  2.7
Short Blades   | |  2.9
Throwing       | |  2.0
Stealth        | |  5.5

Action                   |  1- 3 |  4- 6 || total
-------------------------+-------+-------++-------
Melee: Dagger            |    58 |    36 ||    94
       Constrict         |    11 |     3 ||    14
       Tentacles         |     4 |     3 ||     7
  Use: Scroll            |     4 |       ||     4
       Potion            |       |     3 ||     3
 Stab: Sleeping          |    22 |     1 ||    23
  Eat: Chunk             |       |     1 ||     1
Armor: Skin              |     2 |    15 ||    17
Dodge: Dodged            |    22 |    15 ||    37
